 Dungeon Crawl Stone Soup version 0.28.0-1-gb440e238dd (webtiles) character file.

Game seed: 14902117360793956750

53 a3don the Skirmisher (level 3, 0/33 HPs)
             Began as a Hill Orc Abyssal Knight on Feb 20, 2022.
             Was a Follower of Lugonu.
             Succumbed to an adder's poison
             ... on level 2 of the Dungeon.
             The game lasted 00:02:12 (1770 turns).

a3don the Skirmisher (Hill Orc Abyssal Knight)      Turns: 1770, Time: 00:02:13

Health: 0/33       AC:  3    Str: 15    XL:     3   Next: 87%
Magic:  5/5        EV: 11    Int: 12    God:    Lugonu [*.....]
Gold:   62         SH:  0    Dex: 11    Spells: 2/2 levels left

rFire   . . .      SeeInvis .   a - +1 hand axe
rCold   . . .      Faith    .   (no shield)
rNeg    . . .      Spirit   .   b - +0 leather armour
rPois   .          Reflect  .   (no helmet)
rElec   .          Harm     .   (no cloak)
rCorr   .          Rampage  .   (no gloves)
Will    .....                   (no boots)
Stlth   +.........              (no amulet)
HPRegen 0.11/turn               (no ring)
MPRegen 0.09/turn               (no ring)

@: brilliant, lethally poisoned (0 -> -3)
A: no striking features
a: Renounce Religion, Depart the Abyss


You were on level 2 of the Dungeon.
You worshipped Lugonu.
Lugonu was aware of your devotion.
You visited 1 branch of the dungeon, and saw 2 of its levels.
You visited the Abyss 1 time.

You collected 62 gold pieces.

Inventory:

Hand Weapons
 a - a +1 hand axe (weapon)
 d - a +0 hunting sling
Missiles
 h - 6 poisoned darts
 i - 56 stones
Armour
 b - a +0 leather armour (worn)


   Skills:
 + Level 4.2 Fighting
 + Level 3.5 Axes
 + Level 2.9 Armour
 - Level 0.7 Dodging
 + Level 3.3 Invocations


You had 2 spell levels left.
You didn't know any spells.
Your spell library was empty.

Dungeon Overview and Level Annotations

Branches:
Dungeon (2/15)

Altars:


Message History

You are more poisoned.
The adder poisons you! The adder barely misses you.
You hit the adder.
The adder is severely wounded.
You feel very sick. The adder bites you but does no damage.
You hit the adder.
The adder is almost dead.
You feel very sick. The adder barely misses you. The adder bites you.
You are lethally poisoned!
The adder poisons you!
You are too injured to fight recklessly!
You hit the adder.
You kill the adder!
Lugonu accepts your kill.
* * * LOW HITPOINT WARNING * * *
You feel very sick.
It was a potion of brilliance.
You feel clever all of a sudden.
* * * LOW HITPOINT WARNING * * *
You feel sick.
As you read the scroll labelled BEODEE DOUS, it crumbles to dust.
You feel aware of your surroundings.
It was a scroll of magic mapping.
* * * LOW HITPOINT WARNING * * *
You feel sick.
As you read the scroll labelled FAELAE BUWADGH, it crumbles to dust.
Wisps of shadow whirl around you...
It was a scroll of summoning.
* * * LOW HITPOINT WARNING * * *
You feel sick.
As you read the scroll labelled PIRIVO LAIRPHE, it crumbles to dust.
It is a scroll of identify.
You don't have any unidentified items.
* * * LOW HITPOINT WARNING * * *
You feel sick.
There is a lethal amount of poison in your body!
Unknown command.
* * * LOW HITPOINT WARNING * * *
You feel sick.
You die...

*,*
*,*****,,,,,,,,,*
*,*
*,,,,,,,***,,,***
* *,* *********
*,*,* * *,* *,*,*
* *,* *,*,* * *,*
*,*,***** *,*
*,,,,,,,,
#.###########
****,*****
#....BS@rS..#
*,,..,*
###########.#
#.*#..# #.#
#.##..# #.#
#.##..##* #.#
#......,*
#.###....#####
#........#####
###...........
#.#....#####


You could see a friendly adder (summoned), a friendly giant cockroach
(summoned), a friendly ball python (summoned) and a friendly rat (summoned).

Vanquished Creatures
  A hound zombie (D:2)
  An adder (D:2)
  A worm (D:2)
  A dart slug (D:1)
  2 ball pythons (D:1)
  A bat (D:1)
  3 endoplasms (D:1)
  A hobgoblin (D:2)
  2 jackals (D:2)
  A kobold (D:1)
  2 quokkas (D:1)
  A ball python skeleton (D:2)
  2 frilled lizards (D:1)
  5 goblins (D:1)
24 creatures vanquished.

Notes
Turn   | Place    | Note
-------+----------+-------------------------------------------
     0 | Abyss:1  | a3don the Hill Orc Abyssal Knight began the quest for the
                  | Orb.
     0 | Abyss:1  | Reached XP level 1. HP: 19/19 MP: 2/2
     2 | D:1      | Escaped the Abyss
   416 | D:1      | Reached XP level 2. HP: 21/27 MP: 4/4
   795 | D:1      | Found a faded altar of an unknown god.
  1147 | D:1      | Reached * piety under Lugonu
  1148 | D:1      | Reached skill level 4 in Fighting
  1511 | D:2      | Reached XP level 3. HP: 30/33 MP: 5/5
  1769 | D:2      | HP: 1/33 [poisoned by an adder]
  1770 | D:2      | Succumbed to an adder's poison

Illustrated notes

Levels and vault maps discovered:
D:1:      minmay_arrival_doors, layout_loops_cross,
          dreamdust_ecumenical_altar_angels_and_demons, serial_co_window_serial,
          co_window_paths_a, co_window_paths_a, co_window_cross_1,
          co_window_paths_b, co_window_corner_a, co_window_broadway_c,
          co_window_corner_cb, co_window_corner_cb, co_window_unsneaky_path_d,
          co_window_4corner_a, glass_columns_a, glass_columns_b,
          glass_columns_a, glass_columns_a, glass_columns_a,
          minmay_misc_feat_encased, grunt_decor_one_mirror, minivault_27
D:2:      layout_loops_ring, serial_undead, serial_undead_b, serial_undead_c,
          serial_undead_a, serial_undead_d, serial_undead_d, serial_undead_e,
          serial_undead_d, serial_undead_f, amcnicky_mini_corridor_feature

Skill      XL: |  1  2 |
---------------+-------+-----
Axes           | 3 |  3.5
Fighting       | 4 |  4.2
Invocations    | 3 |  3.3
Armour         | |  2.9
Dodging        | |  0.7

Action                   || total
-------------------------++-------
Melee: Hand axe          ||    90
Invok: Depart the Abyss  ||     1
  Use: Scroll            ||     3
       Potion            ||     1
Armor: Leather armour    ||    23
Dodge: Dodged            ||    53
